 Dungeon Crawl Stone Soup version 0.31-a0-441-g867994ef1c (webtiles) character file.

Game seed: 14290854034638315022

6475 lunkers the Martial Artist (level 11, -1/89 HPs)
             Began as a Meteoran Shapeshifter on Aug 2, 2023.
             Was an Elder of Makhleb.
             Shot with an arrow by a centaur (13 damage)
             ... on level 9 of the Dungeon.
             The game lasted 00:10:27 (4495 turns).

lunkers the Martial Artist (Meteoran Shapeshifter)  Turns: 4495, Time: 00:10:27

Health: -1/89      AC:  5    Str: 17    XL:     11   Next: 42%
Magic:  0/14       EV: 17    Int: 16    God:    Makhleb [****..]
Gold:   433        SH:  0    Dex: 25    Spells: 6/10 levels left

rFire   . .          .
                       - Unarmed
rCold   . . .        (no shield)
rNeg    . . .        h - +2 leather armour {rPois}
rPois   +            (helmet currently unavailable)
rElec   .            (cloak currently unavailable)
rCorr   .            (gloves currently unavailable)
SInv    .            (boots currently unavailable)
Will    +....        o - amulet of the acrobat
Stlth   +            r - +6 ring of dexterity
HPRegen 0.34/turn    y - +6 ring of intelligence
MPRegen 0.14/turn

%: acrobat
@: beast-form, glowing
A: beast (slay +6), sense surroundings 2, otherworldly, glowing, explore regen
a: Begin Untransformation, Renounce Religion, Minor Destruction, Lesser Servant
of Makhleb, Major Destruction


You were on level 9 of the Dungeon.
You worshipped Makhleb.
Makhleb was greatly pleased with you.
You were a hulking beast.
You visited 1 branch of the dungeon, and saw 9 of its levels.
You also visited: Bailey.

You collected 433 gold pieces.

Inventory:

Armour
 e - a +0 cloak
 f - a +1 chain mail
 h - a +2 leather armour of poison resistance (worn)
 u - a +0 ring mail of positive energy
 A - the +2 cloak of the Thief {*Fog Slay-2 SInv Stlth+}
   (You found it in a bailey)

   *Fog:      It may release a thick cloud of smoke when the wearer is hurt.
   Slay:      It affects your accuracy & damage with ranged weapons and melee
   (-2).
   SInv:      It lets you see invisible.
   Stlth:     It makes you more stealthy.
 E - +0 steam dragon scales
Jewellery
 l - an amulet of magic regeneration
 o - an amulet of the acrobat (around neck)
 r - a +6 ring of dexterity (left hand)
 t - a ring of poison resistance
 y - a +6 ring of intelligence (right hand)
 B - the ring of Bogoqoiny {Fire +Blink rElec Slay+6 Stlth+}
   (You found it in a bailey)

   [ring of fire]

   It enhances your fire magic.
   Slay:      It affects your accuracy & damage with ranged weapons and melee
   (+6).
   rF:        It protects you from fire.
   rC:        It makes you vulnerable to cold.
   rElec:     It insulates you from electricity.
   +Blink:    It lets you blink.
   Stlth:     It makes you more stealthy.
 G - an amulet of faith
Talismans
 c - a beast talisman (active)
Wands
 p - a wand of charming (10)
 x - a wand of mindburst (17)
 F - a wand of roots (16)
Scrolls
 g - a scroll of revelation
 k - a scroll of amnesia
 n - 2 scrolls of teleportation
 v - a scroll of fog
Potions
 b - a potion of berserk rage {unknown}
 d - 5 potions of curing
 i - 2 potions of invisibility {unknown}
 j - a potion of brilliance {unknown}
 m - a potion of degeneration {unknown}
 q - a potion of enlightenment {unknown}
 s - a potion of cancellation {unknown}
 w - a potion of lignification
 z - a potion of ambrosia {unknown}
 C - a potion of resistance {unknown}
 D - 2 potions of heal wounds {unknown}
Miscellaneous
 a - a phial of floods


   Skills:
 + Level 5.9 Fighting
 + Level 6.9 Dodging
 + Level 11.9 Unarmed Combat
 + Level 7.7 Translocations
 + Level 3.5 Invocations
 - Level 9.0 Shapeshifting


You had 6 spell levels left.
You knew the following spells:

 Your Spells              Type           Power      Damage    Failure   Level
p - Manifold Assault      Tloc           24%        N/A       13%         4

Your spell library contained the following spells:

 Spells                   Type           Power      Damage    Failure   Level
 Blink                    Tloc           48%        N/A       1%          2
 Portal Projectile        Hex/Tloc       24%        N/A       19%         3
 Kiss of Death            Conj/Necr      0%         2d5       30%         1
 Magic Dart               Conj           0%         1d3       30%         1
 Searing Ray              Conj           0%         2d4       43%         2
 Static Discharge         Conj/Air       0%         2-2/arc   43%         2
 Call Canine Familiar     Summ           0%         N/A       67%         3
 Confusing Touch          Hex            0%         N/A       67%         3
 Dazzling Flash           Conj/Hex       0%         N/A       67%         3
 Ozocubu's Armour         Ice            0%         N/A       67%         3
 Stone Arrow              Conj/Erth      0%         3d7       67%         3
 Airstrike                Air            0%         2d(0-16)  97%         4
 Animate Armour           Summ/Erth      0%         N/A       97%         4
 Cause Fear               Hex            0%         N/A       97%         4
 Dispel Undead            Necr           0%         3d6       97%         4
 Fulminant Prism          Conj/Hex       0%         3d5       97%         4
 Leda's Liquefaction      Hex/Erth       0%         N/A       97%         4
 Summon Lightning Spire   Summ/Air       0%         N/A       97%         4
 Agony                    Necr           0%         N/A       100%        5
 Fireball                 Conj/Fire      0%         3d3       100%        5
 Silence                  Hex/Air        0%         N/A       100%        5
 Ozocubu's Refrigeration  Ice            0%         4d7       100%        7
 Lehudib's Crystal Spear  Conj/Erth      0%         10d2      100%        8
 Dragon's Call            Summ           0%         N/A       100%        9


Dungeon Overview and Level Annotations

Branches:
Dungeon (9/15) Zot: 1392   Temple (0/1) D:5          Bailey (visited)
   Lair: D:8-11         Orc: D:9-12

Altars:
Ashenzari
Cheibriados
Makhleb
Sif Muna
Vehumet
Jiyva

Annotations:
D:6 1 runed translucent door


Innate Abilities, Weirdness & Mutations

You are a hulking beast.
Your limbs bulge with bestial killing power. (Slay +6)
You passively map the area around you.
You are easily found by Zot.
You glow in the dark.
You regain HP and MP as you explore.


Message History

* * * LOW HITPOINT WARNING * * *
You closely miss the hornet. Your punch misses the hornet.
The hornet is severely wounded.
The hornet misses you.
The hornet stings you but does no damage.
Unknown command.
You punch the hornet!
The hornet is almost dead.
The hornet stings you.
* * * LOW HITPOINT WARNING * * *
You feel yourself slow down.
You punch the hornet!
You kill the hornet!
Makhleb accepts your kill.
You feel better.
Unknown command.
You feel yourself speed up.
There is a stone staircase leading down here.
You climb downwards.
The centaur shoots an arrow.
The arrow hits you.
* * * LOW HITPOINT WARNING * * *
The centaur shoots an arrow.
The arrow hits you!
* * * LOW HITPOINT WARNING * * *
There is a stone staircase leading up, spattered with blood here.
Unknown command.
Casting: Manifold Assault (dangerous; 13% risk of failure)
Press: ? - help, Q - select action, (/) - cycle Dir - look around, f - activate Space momentarily warps into an impossible shape!
You punch the centaur!
The centaur shoots an arrow.
The arrow hits you!
* * * LOW HITPOINT WARNING * * *
Casting: Manifold Assault (dangerous; 13% risk of failure)
Press: ? - help, Q - select action, (/) - cycle Dir - look around, f - activate Space momentarily warps into an impossible shape!
You punch the centaur!
* * * LOW MAGIC WARNING * * *
An orc wizard comes into view. It is wielding a +0 dagger.
The centaur shoots an arrow.
The arrow hits you!
* * * LOW HITPOINT WARNING * * *
The centaur shoots an arrow.
The arrow hits you!
You die...

, * ** * *,, , ,
##..... .... *,,
** ,,, .......
...,### * ,
...#...#..#....
,,* ,
..........#....*,,
, ...............
, ,
#.............,* *
,.##............
.......h....... ,
, , *
*#.......†......,,
* ......c##......
* ,, * * ......#
..<... , , ,
...... ....o , ,
,...##. * ..... ,,
, , ...*# .... ,,
, , , ,,, ..** , *
#..., , , ,,, , ,
,,* , , ,


You could see a centaur and an orc wizard.

Vanquished Creatures
  The ghost of CraigForest the Martial Artist, a novice MfSh of Jiyva (D:6)
  A gargoyle (Bailey)
  A hornet (D:8)
  Grinder (D:6)
  A vampire (Bailey)
  A wraith (D:8)
  A wyvern (D:8)
  8 yaks
  A steam dragon (D:8)
  Menkaure (D:4)
  An orc warrior (D:8)
  2 sky beasts
  A black bear (D:7)
  An ice beast (D:7)
  A centaur (D:8)
  2 ogres (D:6)
  A kobold brigand (D:7)
  5 bullfrogs
  8 scorpions
  4 wights (D:6)
  3 killer bees
  8 vampire bats (Bailey)
  4 howler monkeys
  6 wolf zombies (Bailey)
  A gnoll bouda (D:6)
  3 hounds
  An orc priest (D:4)
  4 jellies (D:8)
  3 sleepcaps
  An iguana (D:6)
  5 orc wizards
  3 gnolls (D:6)
  4 adders
  2 white imps
  An ufetubus (D:7)
  4 worms
  4 dart slugs
  15 orcs
  3 ball pythons
  6 endoplasms
  A giant cockroach (D:6)
  9 goblins
  2 hobgoblins (D:2)
  5 jackals (D:1)
  5 quokkas
  9 bats
  3 frilled lizards
  A kobold (D:4)
  22 orc zombies (Bailey)
  7 rats
188 creatures vanquished.

Notes
Turn   | Place    | Note
-------+----------+-------------------------------------------
     0 | D:1      | lunkers the Meteoran Shapeshifter began the quest for the
                  | Orb.
     0 | D:1      | Reached XP level 1. HP: 16/16 MP: 2/2
    45 | D:1      | Reached skill level 4 in Unarmed Combat
    45 | D:1      | Reached XP level 2. HP: 15/23 MP: 3/3
   327 | D:1      | Reached XP level 3. HP: 28/28 MP: 4/4
   616 | D:2      | Reached XP level 4. HP: 35/35 MP: 5/5
   779 | D:3      | Reached skill level 5 in Unarmed Combat
   790 | D:3      | Found a burning altar of Makhleb.
   817 | D:3      | Became a worshipper of Makhleb the Destroyer
   868 | D:3      | Noticed a scorpion
   884 | D:3      | Killed a scorpion
   885 | D:3      | Reached XP level 5. HP: 10/40 MP: 6/6
  1187 | D:4      | Reached skill level 6 in Unarmed Combat
  1187 | D:4      | Reached XP level 6. HP: 47/47 MP: 7/7
  1220 | D:4      | Found a radiant altar of Vehumet.
  1241 | D:4      | Reached skill level 5 in Shapeshifting
  1247 | D:4      | Reached skill level 7 in Unarmed Combat
  1477 | D:4      | Noticed Menkaure
  1486 | D:4      | Killed Menkaure
  1487 | D:4      | Reached XP level 7. HP: 18/52 MP: 8/8
  1580 | D:4      | Reached * piety under Makhleb
  1585 | D:5      | Entered Level 5 of the Dungeon
  1642 | D:5      | Reached skill level 8 in Unarmed Combat
  1819 | D:5      | Noticed a yak
  1819 | D:5      | Noticed a yak
  1820 | D:5      | Found a snail-covered altar of Cheibriados.
  1820 | D:5      | Noticed a yak
  1820 | D:5      | Noticed a yak
  1821 | D:5      | Noticed a yak
  1833 | D:5      | Killed a yak
  1834 | D:5      | Reached XP level 8. HP: 61/61 MP: 9/9
  1838 | D:5      | Killed a yak
  1852 | D:5      | Killed a yak
  1853 | D:5      | Reached skill level 9 in Unarmed Combat
  1859 | D:5      | Killed a yak
  1860 | D:5      | Gained mutation: You passively map the area around you.
                  | [Meteoran growth]
  1860 | D:5      | Reached XP level 9. HP: 70/70 MP: 10/10
  2062 | D:6      | Noticed Grinder
  2070 | D:6      | Found a runed translucent door.
  2074 | D:6      | Killed Grinder
  2075 | D:6      | Reached skill level 5 in Dodging
  2075 | D:6      | Reached skill level 10 in Unarmed Combat
  2088 | D:6      | Noticed CraigForest's ghost (novice MfSh)
  2115 | D:6      | Killed CraigForest's ghost
  2139 | D:6      | Found a runed translucent door.
  2237 | D:6      | Reached XP level 10. HP: 67/80 MP: 11/11
  2265 | D:6      | Reached skill level 11 in Unarmed Combat
  2272 | D:6      | Reached skill level 5 in Fighting
  2281 | D:6      | Reached skill level 1 in Invocations
  2349 | D:6      | Reached ** piety under Makhleb
  2927 | D:7      | Learned a level 4 spell: Manifold Assault
  3039 | D:7      | Found a flagged portal.
  3065 | Bailey   | Entered a bailey
  3123 | Bailey   | Found the +2 cloak of the Thief {*Fog Slay-2 SInv Stlth+}
  3129 | Bailey   | Reached skill level 1 in Translocations
  3158 | Bailey   | Noticed a gargoyle
  3169 | Bailey   | Killed a gargoyle
  3230 | Bailey   | Reached *** piety under Makhleb
  3399 | Bailey   | Reached skill level 5 in Translocations
  3418 | Bailey   | Identified the ring of Bogoqoiny {Fire +Blink rElec Slay+6
                  | Stlth+}
  3564 | D:7      | Reached XP level 11. HP: 88/88 MP: 14/14
  3952 | D:8      | Found a broken altar of Ashenzari.
  4110 | D:8      | Found a viscous altar of Jiyva.
  4261 | D:8      | Identified the +4 scimitar of the Present {holy, Str+5}
  4274 | D:8      | Found a shimmering blue altar of Sif Muna.
  4439 | D:8      | Reached **** piety under Makhleb
  4477 | D:9      | Paralysed by a hornet for 1 turns
  4495 | D:9      | Shot with an arrow by a centaur

Illustrated notes

Levels and vault maps discovered:
D:1:      dpeg_arrival_brainrot, layout_basic
D:2:      layout_basic, minmay_misc_feat_alley
D:3:      layout_rooms, mainiacjoe_overflow_cross_hatched
D:4:      layout_loops_ring, mainiacjoe_overflow_tiny_flanked,
          lemuel_zombie_altar_yredelemnul,
          nicolae_dithmenos_through_a_glass_darkly, uniq_menkaure
D:5:      nicolae_cairo_tiling_large, layout_basic,
          mainiacjoe_overflow_small_starburst, uniq_ijyb
D:6:      layout_basic, ebering_ghost_sewer_f, uniq_grinder
D:7:      layout_loops_ring, enter_bailey_1, minmay_increasing_density
D:8:      layout_loops_corners, nicolae_ashenzari_skybound,
          amcnicky_altar_gilded, jiyva_altar_1
D:9:      layout_cave_pools, serial_shops, nicolae_shop_advertising_works
          [nicolae_subvault_shop_adworks], hangedman_decor_peaks_small

Skill      XL: |  1  2  3  4  5  6  7  8  9 10 11 |
---------------+----------------------------------+-----
Unarmed Combat | 4 5 6 7 8 9 10 11 | 11.9
Shapeshifting  | 4 5 6 7 8 9 |  9.0
Fighting       | 3 4 5 |  5.9
Dodging        | 4 5 6 |  6.9
Invocations    | 2 3 |  3.5
Translocations | 5 7 |  7.7

Action                     |  1- 3 |  4- 6 |  7- 9 | 10-12 || total
---------------------------+-------+-------+-------+-------++-------
  Melee: Unarmed           |    71 |   100 |   100 |   296 ||   567
         Punch             |       |     3 |     6 |    21 ||    30
   Cast: Manifold Assault  |       |       |       |    17 ||    17
    Use: Potion            |       |     3 |     2 |     1 ||     6
         Scroll            |       |       |     7 |     3 ||    10
 Armour: Animal skin       |    14 |       |       |       ||    14
         Chain mail        |    14 |    31 |    12 |       ||    57
         Skin              |       |    15 |    30 |     3 ||    48
         Leather armour    |       |       |       |    54 ||    54
  Dodge: Dodged            |    47 |    33 |    18 |   215 ||   313

Table legend: (Time is in decaauts)
 A = Elapsed time spent in this place.
 B = Non-inter-level travel time spent in this place.
 C = Inter-level travel time spent in this place.
 D = Time resting spent in this place.
 E = Time spent auto-exploring this place.
 F = Levels seen in this place.
 G = Mean time per level.
                   A        B        C        D        E       F      G
               +--------+--------+--------+--------+--------+-----+--------+
         Total |   4400 |   4220 |    180 |    172 |   2777 |  10 |  440.0 |
       Dungeon |   4006 |   3826 |    180 |    155 |   2668 |   9 |  445.1 |
        Bailey |    394 |    394 |      0 |     17 |    109 |   1 |  394.0 |
               +--------+--------+--------+--------+--------+-----+--------+

Top non-repeatable levels by time:
     D:6: 810 daAuts
     D:8: 765 daAuts
     D:1: 468 daAuts
     D:5: 459 daAuts
     D:3: 417 daAuts
     D:4: 404 daAuts
  Bailey: 394 daAuts
     D:7: 378 daAuts
     D:2: 275 daAuts
     D:9: 26 daAuts
